AoeStats
← Godo Piquetero

Arena

510075634Analyzed
1v1 RM · 4d ago on Sep 29, 2026· 25m 21s· 2 players
Game mode
Random Map
Map size
Tiny (2 player)
Population
200
Speed
Normal
Resources
Standard
Victory
Conquest
Starting age
Dark Age
Ending age
Imperial Age
RankedLock teamsTeams togetherTeam positionsShared explorationLock speedFull tech treeHidden civsTurbo modeCheats
Victory
Defeat
🇲🇿 Bohemians · Mozambique
944
+17
🇦🇷 Goths · Argentina
971
-17
CalvaroLDS
11:03 Feudal Age
12:44 Loom
15:27 Castle Age
Godo Piquetero
0:30 Loom
9:34 Feudal Age
11:18 Double-Bit Axe
13:01 Man-at-Arms
13:30 Horse Collar
17:57 Wheelbarrow
20:32 Castle Age
Connection lost

Rejoining the realm…

Still unreachable

The connection could not be restored.

Session expired

The server has moved on; the page needs a fresh start.